Rangers vs Kings (R1)

Created - February 19, 2018 at 19:18

Goals
1 2 3 T
Rangers 1 3 2 6
Kings 1 2 1 4
Shots
1 2 3 T
Rangers 12 11 11 34
Kings 6 11 17 34

1st period

1. Kings , Drew Doughty 11 (Josef Vasicek 6) at 4:27
2. Rangers , Jakob Silfverberg 16 (Staffan Kronwall 11) at 6:58

Penalties :
Dmitry Kulikov (LAK) for Holding Stick (Minor) at 8:10, Kyle Clifford (LAK) for Roughing (Minor) at 10:36, Radko Gudas (LAK) for Tripping (Minor) at 13:28

2nd period

3. Rangers , Darren Reid 8 (Valtteri Filppula 13, Matt Read 14) at 6:28
4. Rangers , Matt Read 10 (Ryan Suter 9) at 7:45
5. Kings , Patric Hornqvist 33 (Drew Doughty 54, Kyle Clifford 11) at 9:22
6. Rangers , James Neal 24 (Cam Barker 23, Milan Lucic 49) at 9:38
7. Kings , Chris Kreider 28 (Drew Doughty 55, Tyler Toffoli 4) at 9:44

Penalties :
Milan Lucic (NYR) for High sticking (Minor) at 11:09, Cam Janssen (LAK) for Hooking (Minor) at 16:18

3rd period

8. Kings , Brock Nelson 1 (Shane Doan 6) at 2:16
9. Rangers , Nathan Gerbe 9 (Matt Read 15) at 15:24
10. Rangers , Nathan Gerbe 10 (Matt Read 16, Sean Couturier 9) at 19:31 (Empty Net)

Penalties :
Sean Couturier (NYR) for Holding (Minor) at 3:13, Jakob Silfverberg (NYR) for Hooking (Minor) at 12:26

Goalie Stats

Braden Holtby (NYR), 30 saves from 34 shots - (0.882), W, 11-5-1, 60:00 minutes
Frederik Andersen (LAK), 28 saves from 33 shots - (0.848), L, 13-15-2, 59:15 minutes

Players Stats for Rangers

Player Name              G  A  P  +/- PIM S  H  SB GA TA FO     MP     PP MP  PK MP  
------------------------------------------------------------------------------------
Alexei Emelin            0  0  0   0  0   1  0  0  0  0  0/0     3:37   0:00   0:00 
Cam Barker               0  1  1  -1  0   0  0  1  0  2  0/0    28:58   4:04   3:20 
Darren Reid              1  0  1   1  0   4  1  0  0  0  1/1     7:55   0:00   1:05 
Jakob Silfverberg        1  0  1   0  2   7  1  0  1  0  0/1    15:54   3:50   0:00 
James Neal               1  0  1   0  0   5  1  0  0  0  1/2    23:01   4:06   3:29 
Mark Fistric             0  0  0  -1  0   2  2  3  2  0  0/0    33:26   4:10   2:52 
Matt Greene              0  0  0   2  0   0  1  1  2  0  0/0    11:41   2:54   0:00 
Matt Read                1  3  4   1  0   1  0  1  1  0  0/0    14:42   0:00   1:05 
Mike Cammalleri          0  0  0   0  0   2  1  1  0  1  1/2    16:01   3:50   1:10 
Milan Lucic              0  1  1   0  2   4  2  1  0  0  4/10   21:47   4:06   2:33 
Nathan Gerbe             2  0  2   1  0   2  0  0  0  0  0/0    13:50   0:00   0:13 
Nick Foligno             0  0  0   1  0   0  0  0  0  0  1/1     6:48   0:00   0:00 
Patrice Bergeron         0  0  0   0  0   2  4  0  0  0  14/31  19:15   4:06   0:51 
Ryan Suter               0  1  1   3  0   1  3  0  0  0  0/0    25:46   3:52   3:05 
Sean Couturier           0  1  1   1  2   1  0  0  0  0  3/5    15:41   0:00   1:15 
Staffan Kronwall         0  1  1   1  0   2  0  3  0  1  0/0    14:14   0:52   2:37 
Stephen Weiss            0  0  0   0  0   0  1  0  0  0  4/9    14:52   3:50   0:13 
Valtteri Filppula        0  1  1   1  0   0  1  0  0  0  0/3     6:32   0:00   0:00 

Players Stats for Kings

Player Name              G  A  P  +/- PIM S  H  SB GA TA FO     MP     PP MP  PK MP  
------------------------------------------------------------------------------------
Anze Kopitar             0  0  0  -1  0   3  4  0  0  0  21/32  19:34   3:26   3:24 
Brock Nelson             1  0  1   1  0   6  1  0  0  0  0/0    17:49   4:14   0:12 
Cam Janssen              0  0  0  -3  2   1  0  0  0  0  0/0     7:53   0:00   0:00 
Chris Kreider            1  0  1   1  0   3  0  1  0  0  0/1    17:16   3:23   1:04 
Chris Mcallister         0  0  0  -3  0   3  3  0  0  0  0/0    12:09   0:00   4:11 
Dmitry Kulikov           0  0  0  -2  2   0  2  1  0  2  0/0    21:15   1:43   3:07 
Drew Doughty             1  2  3   1  0   4  0  1  1  2  0/0    28:25   4:14   3:54 
Greg Campbell            0  0  0  -3  0   4  2  1  1  0  3/7    12:12   0:00   4:14 
Josef Vasicek            0  1  1   1  0   1  1  0  0  0  2/3    12:35   0:03   0:00 
Kyle Clifford            0  1  1  -1  2   0  3  0  1  1  1/1    15:17   2:31   0:00 
Patric Hornqvist         1  0  1  -1  0   5  0  0  0  0  0/4    16:03   3:26   0:00 
Radim Vrbata             0  0  0   1  0   2  1  2  0  0  2/2    17:59   2:31   2:29 
Radko Gudas              0  0  0  -1  2   1  0  0  0  0  0/0    10:03   0:00   0:00 
Randy Jones              0  0  0  -1  0   0  1  1  0  0  0/0    14:13   0:00   4:02 
Shane Doan               0  1  1   1  0   0  1  1  0  1  0/0    12:32   0:00   0:00 
Tom Poti                 0  0  0   1  0   0  4  0  0  0  0/0    19:32   0:00   0:47 
Travis Hamonic           0  0  0  -2  0   1  3  0  1  0  0/0    21:31   1:43   4:02 
Tyler Toffoli            0  1  1   1  0   0  3  0  0  0  7/15   15:42   2:31   0:18 

3 Stars

1 - Matt Read (NYR)
2 - Nathan Gerbe (NYR)
3 - Drew Doughty (LAK)

Power Play

Rangers - 0 on 4 Attempt(s) - 0.00%
Kings - 0 on 3 Attempt(s) - 0.00%

Penalty Kill

Rangers - 3 on 3 Attempt(s) - 100.00% - Score 0 goal in Penalty Kill
Kings - 4 on 4 Attempt(s) - 100.00% - Score 0 goal in Penalty Kill

Team Stat

Rangers - Hits : 18 - Faceoff Wins : 29 - Blocked Shots : 11 - Penalty Minutes : 6
Kings - Hits : 29 - Faceoff Wins : 36 - Blocked Shots : 8 - Penalty Minutes : 8

Official

Referees : McCreary Bill and Rehman Kyle
Linesman : Brian Mach and Bryan Pancich

Game Notes

Alexei Emelin is injured at 1:38 of 2nd period (Broken Ribs)
Matt Greene is injured at 10:46 of 2nd period (Abdominal Strain)
Nathan Gerbe has scored in a empty net!

Finance

Level 1 -- Attendance: 5613 (93.55%) -- Ticket Income $505,170
Level 2 -- Attendance: 3289 (65.78%) -- Ticket Income $213,785
Level 3 -- Attendance: 1628 (81.40%) -- Ticket Income $65,120
Level 4 -- Attendance: 2894 (72.35%) -- Ticket Income $86,820
Luxury Box -- Attendance: 1000 (100.00%) -- Ticket Income $145,000
Game was played at the Staples Center.
Total Attendance: 14424 (80.13%)
Total Ticket Income: $1,015,895
Other Income: $152,384
Total Income: $1,168,279

Rangers

5 vs 5 Forward 
   Center                   Left Wing                Right Wing               Time % Phy DF OF 
 1 Patrice Bergeron         Milan Lucic              James Neal               40     1   2  2  
 2 Stephen Weiss            Mike Cammalleri          Jakob Silfverberg        30     1   2  2  
 3 Sean Couturier           Nathan Gerbe             Matt Read                20     1   2  2  
 4 Valtteri Filppula        Nick Foligno             Darren Reid              10     1   2  2  

5 vs 5 Defense 
   Defense                  Defense                                           Time % Phy DF OF 
 1 Cam Barker               Mark Fistric                                      40     1   2  2  
 2 Matt Greene              Ryan Suter                                        30     1   2  2  
 3 Staffan Kronwall         Alexei Emelin                                     20     1   2  2  
 4 Cam Barker               Mark Fistric                                      10     1   2  2  

PowerPlay Forward 
   Center                   Left Wing                Right Wing               Time % Phy DF OF 
 1 Milan Lucic              Patrice Bergeron         James Neal               60     1   2  2  
 2 Mike Cammalleri          Stephen Weiss            Jakob Silfverberg        40     1   2  2  

PowerPlay Defense
   Defense                  Defense                                           Time % Phy DF OF 
 1 Cam Barker               Mark Fistric                                      60     1   2  2  
 2 Matt Greene              Ryan Suter                                        40     1   2  2  

Penalty Kill 4 Players Forward 
   Center                   Wing                     Time % Phy DF OF 
 1 Milan Lucic              James Neal               60     1   2  2  
 2 Darren Reid              Matt Read                40     1   2  2  

Penalty Kill 4 Players Defense
   Defense                  Defense                  Time % Phy DF OF 
 1 Mark Fistric             Cam Barker               60     1   2  2  
 2 Ryan Suter               Matt Greene              40     1   2  2  

Penalty Kill - 3 Players Forward 
   Forward                                           Time % Phy DF OF 
 1 Patrice Bergeron                                  60     1   2  2  
 2 Nathan Gerbe                                      40     1   2  2  

Penalty Kill - 3 Players Defense
   Defense                  Defense                  Time % Phy DF OF 
 1 Mark Fistric             Cam Barker               60     1   2  2  
 2 Alexei Emelin            Staffan Kronwall         40     1   2  2  

4 vs 4 Forward 
   Center                   Wing                     Time % Phy DF OF 
 1 Patrice Bergeron         Milan Lucic              60     1   2  2  
 2 James Neal               Valtteri Filppula        40     1   2  2  

4 vs 4 Defense
   Defense                  Defense                  Time % Phy DF OF 
 1 Cam Barker               Mark Fistric             60     1   2  2  
 2 Staffan Kronwall         Alexei Emelin            40     1   2  2  

Last Minutes Offensive
   Center                   Left Wing                Right Wing               Defense                  Defense                  
   Milan Lucic              Patrice Bergeron         James Neal               Cam Barker               Mark Fistric             

Last Minutes Defensive
   Center                   Left Wing                Right Wing               Defense                  Defense                  
   Milan Lucic              Patrice Bergeron         James Neal               Cam Barker               Mark Fistric             

Goaltenders
Starting : Braden Holtby            
Backup : Henrik Lundqvist         

Extra Forwards
Normal : Nick Foligno, Milan Lucic, Patrice Bergeron - PP : James Neal, Jakob Silfverberg - PK : Sean Couturier
Extra Defensemen
Normal : Mark Fistric, Cam Barker, Matt Greene - PP : Mark Fistric - PK : Staffan Kronwall, Cam Barker
Penalty Shots
Nick Foligno, Milan Lucic, Patrice Bergeron, James Neal, Jakob Silfverberg

Scratches
None

Kings

5 vs 5 Forward 
   Center                   Left Wing                Right Wing               Time % Phy DF OF 
 1 Anze Kopitar             Kyle Clifford            Patric Hornqvist         35     1   2  2  
 2 Tyler Toffoli            Chris Kreider            Radim Vrbata             35     1   2  2  
 3 Josef Vasicek            Brock Nelson             Shane Doan               20     1   2  2  
 4 Greg Campbell            Chris Mcallister         Cam Janssen              10     1   3  1  

5 vs 5 Defense 
   Defense                  Defense                                           Time % Phy DF OF 
 1 Drew Doughty             Tom Poti                                          40     0   3  2  
 2 Dmitry Kulikov           Travis Hamonic                                    40     1   3  1  
 3 Radko Gudas              Randy Jones                                       20     0   4  1  
 4 Drew Doughty             Dmitry Kulikov                                    0      1   3  1  

PowerPlay Forward 
   Center                   Left Wing                Right Wing               Time % Phy DF OF 
 1 Anze Kopitar             Chris Kreider            Patric Hornqvist         60     0   1  4  
 2 Tyler Toffoli            Kyle Clifford            Radim Vrbata             40     1   1  3  

PowerPlay Defense
   Defense                  Defense                                           Time % Phy DF OF 
 1 Drew Doughty             Brock Nelson                                      60     0   2  3  
 2 Travis Hamonic           Dmitry Kulikov                                    40     0   3  2  

Penalty Kill 4 Players Forward 
   Center                   Wing                     Time % Phy DF OF 
 1 Greg Campbell            Chris Mcallister         60     1   3  1  
 2 Anze Kopitar             Radim Vrbata             40     1   3  1  

Penalty Kill 4 Players Defense
   Defense                  Defense                  Time % Phy DF OF 
 1 Randy Jones              Travis Hamonic           60     1   4  0  
 2 Dmitry Kulikov           Drew Doughty             40     1   4  0  

Penalty Kill - 3 Players Forward 
   Forward                                           Time % Phy DF OF 
 1 Anze Kopitar                                      60     1   3  1  
 2 Radim Vrbata                                      40     1   3  1  

Penalty Kill - 3 Players Defense
   Defense                  Defense                  Time % Phy DF OF 
 1 Drew Doughty             Travis Hamonic           60     1   4  0  
 2 Dmitry Kulikov           Randy Jones              40     1   4  0  

4 vs 4 Forward 
   Center                   Wing                     Time % Phy DF OF 
 1 Anze Kopitar             Patric Hornqvist         60     1   2  2  
 2 Tyler Toffoli            Radim Vrbata             40     1   2  2  

4 vs 4 Defense
   Defense                  Defense                  Time % Phy DF OF 
 1 Drew Doughty             Travis Hamonic           60     1   2  2  
 2 Dmitry Kulikov           Randy Jones              40     1   2  2  

Last Minutes Offensive
   Center                   Left Wing                Right Wing               Defense                  Defense                  
   Anze Kopitar             Chris Kreider            Patric Hornqvist         Drew Doughty             Dmitry Kulikov           

Last Minutes Defensive
   Center                   Left Wing                Right Wing               Defense                  Defense                  
   Anze Kopitar             Chris Mcallister         Radim Vrbata             Drew Doughty             Travis Hamonic           

Goaltenders
Starting : Frederik Andersen        
Backup : Mike Brodeur             

Extra Forwards
Normal : Anze Kopitar, Chris Kreider, Patric Hornqvist - PP : Josef Vasicek, Chris Mcallister - PK : Greg Campbell
Extra Defensemen
Normal : Drew Doughty, Travis Hamonic, Dmitry Kulikov - PP : Tom Poti - PK : Tom Poti, Radko Gudas
Penalty Shots
Anze Kopitar, Radim Vrbata, Patric Hornqvist, Shane Doan, Chris Kreider

Scratches
Jonathan Toews (Healthy), Jason Pominville (Healthy), Tuomo Ruutu (Healthy)

% Time on Ice - Rangers

Lines # - Real PCT - Wanted PCT - Time Play
Normal Forward
1 - 33% - 40% - 15:09
2 - 23% - 30% - 10:49
3 - 30% - 20% - 13:37
4 - 14% - 10% - 6:32
Normal Defense
1 - 31% - 40% - 14:26
2 - 42% - 30% - 19:11
3 - 23% - 20% - 10:46
4 - 4% - 10% - 1:44
PP Forward
1 - 52% - 60% - 4:06
2 - 48% - 40% - 3:50
PP Defense
1 - 51% - 60% - 4:04
2 - 49% - 40% - 3:52
PK Forward
1 - 82% - 60% - 4:52
2 - 18% - 40% - 1:05
PK Defense
1 - 48% - 60% - 2:52
2 - 52% - 40% - 3:05
PK3 Forward
1 - 0% - 60%
2 - 0% - 40%
PK3 Defense
1 - 0% - 60%
2 - 0% - 40%
44 Forward
1 - 0% - 60%
2 - 0% - 40%
44 Defense
1 - 0% - 60%
2 - 0% - 40%
Last Minute Offensive  - 0:00
Last Minute Defensive  - 0:00
Total
Forward - 60:00
Defense - 60:00

% Time on Ice - Kings

Lines # - Real PCT - Wanted PCT - Time Play
Normal Forward
1 - 28% - 35% - 12:43
2 - 28% - 35% - 12:59
3 - 27% - 20% - 12:32
4 - 17% - 10% - 7:53
Normal Defense
1 - 42% - 40% - 19:33
2 - 36% - 40% - 16:30
3 - 22% - 20% - 10:04
4 - 0% - 0% - 0:00
PP Forward
1 - 58% - 60% - 3:26
2 - 42% - 40% - 2:31
PP Defense
1 - 71% - 60% - 4:14
2 - 29% - 40% - 1:43
PK Forward
1 - 69% - 60% - 5:27
2 - 31% - 40% - 2:29
PK Defense
1 - 51% - 60% - 4:02
2 - 49% - 40% - 3:54
PK3 Forward
1 - 0% - 60%
2 - 0% - 40%
PK3 Defense
1 - 0% - 60%
2 - 0% - 40%
44 Forward
1 - 0% - 60%
2 - 0% - 40%
44 Defense
1 - 0% - 60%
2 - 0% - 40%
Last Minute Offensive  - 0:00
Last Minute Defensive  - 0:00
Total
Forward - 60:00
Defense - 60:00

Play by Play

1st period


0:01 of 1st period - Patrice Bergeron wins face-off versus Anze Kopitar in neutral zone.
1:28 of 1st period - Snap shot by Anze Kopitar.
1:28 of 1st period - Shot Misses the Net.
1:36 of 1st period - Patric Hornqvist is hit by Milan Lucic and loses puck.
2:48 of 1st period - Off-side.
2:49 of 1st period - Patrice Bergeron wins face-off versus Patric Hornqvist in neutral zone.
3:23 of 1st period - Wrist shot by Jakob Silfverberg.
3:23 of 1st period - Shot Misses the Net.
3:39 of 1st period - Cam Barker is hit by Shane Doan and loses puck.
4:27 of 1st period - Slapshot by Drew Doughty.
4:27 of 1st period - Goal by Drew Doughty - Rangers : 0 - Kings : 1.
4:28 of 1st period - Tyler Toffoli wins face-off versus Patrice Bergeron in neutral zone.
4:33 of 1st period - Patrice Bergeron is hit by Tyler Toffoli and loses puck.
4:42 of 1st period - Wrist shot by Chris Kreider.
4:42 of 1st period - Stopped by Braden Holtby without a rebound.
4:43 of 1st period - Stephen Weiss wins face-off versus Anze Kopitar in Rangers zone.
4:43 of 1st period - Stephen Weiss is hit by Tom Poti.
4:53 of 1st period - Snap shot by Jakob Silfverberg.
4:53 of 1st period - Shot Blocked by Drew Doughty.
4:55 of 1st period - Slapshot by Mike Cammalleri.
4:55 of 1st period - Shot Misses the Net.
4:57 of 1st period - Slapshot by Mark Fistric.
4:57 of 1st period - Stopped by Frederik Andersen with a rebound.
4:59 of 1st period - Slapshot by Stephen Weiss.
4:59 of 1st period - Shot Misses the Net.
5:52 of 1st period - Backhand shot by Jakob Silfverberg.
5:52 of 1st period - Stopped by Frederik Andersen without a rebound.
5:53 of 1st period - Josef Vasicek wins face-off versus Stephen Weiss in Kings zone.
5:53 of 1st period - Josef Vasicek is hit by Stephen Weiss.
6:19 of 1st period - Milan Lucic is hit by Kyle Clifford and loses puck.
6:58 of 1st period - Wrist shot by Jakob Silfverberg.
6:58 of 1st period - Deflect By Radko Gudas.
6:58 of 1st period - Goal by Jakob Silfverberg - Rangers : 1 - Kings : 1.
6:59 of 1st period - Anze Kopitar wins face-off versus Patrice Bergeron in neutral zone.
7:02 of 1st period - Cam Barker is hit by Travis Hamonic and loses puck.
7:42 of 1st period - Mark Fistric is hit by Greg Campbell and loses puck.
8:03 of 1st period - Snap shot by Valtteri Filppula.
8:03 of 1st period - Shot Blocked by Shane Doan.
8:07 of 1st period - Wrist shot by Darren Reid.
8:07 of 1st period - Stopped by Frederik Andersen without a rebound.
8:08 of 1st period - Anze Kopitar wins face-off versus Patrice Bergeron in Kings zone.
8:10 of 1st period - Minor Penalty to Dmitry Kulikov for Holding Stick.
8:11 of 1st period - Greg Campbell wins face-off versus Milan Lucic in Kings zone.
8:18 of 1st period - Off-side.
8:19 of 1st period - Milan Lucic wins face-off versus Greg Campbell in neutral zone.
8:22 of 1st period - Slapshot by James Neal.
8:22 of 1st period - Stopped by Frederik Andersen without a rebound.
8:23 of 1st period - Greg Campbell wins face-off versus Milan Lucic in Kings zone.
8:40 of 1st period - Greg Campbell is hit by Patrice Bergeron and loses puck.
9:35 of 1st period - Off-side.
9:36 of 1st period - Anze Kopitar wins face-off versus Mike Cammalleri in neutral zone.
10:10 of 1st period - Penalty to Dmitry Kulikov is over, Dmitry Kulikov is back on ice.
10:18 of 1st period - Slapshot by Drew Doughty.
10:18 of 1st period - Deflect By Josef Vasicek.
10:18 of 1st period - Shot Blocked by Matt Read.
10:18 of 1st period - Puck is out of play.
10:19 of 1st period - Sean Couturier wins face-off versus Josef Vasicek in Rangers zone.
10:19 of 1st period - Sean Couturier is hit by Josef Vasicek.
10:29 of 1st period - Wrist shot by Matt Read.
10:29 of 1st period - Deflect By Nathan Gerbe.
10:29 of 1st period - Shot Misses the Net.
10:29 of 1st period - Puck is out of play.
10:30 of 1st period - Patrice Bergeron wins face-off versus Anze Kopitar in Kings zone.
10:36 of 1st period - Minor Penalty to Kyle Clifford for Roughing.
10:37 of 1st period - Milan Lucic wins face-off versus Greg Campbell in Kings zone.
10:53 of 1st period - Travis Hamonic is hit by Patrice Bergeron.
11:03 of 1st period - Mark Fistric is hit by Radim Vrbata and loses puck.
12:36 of 1st period - Penalty to Kyle Clifford is over, Kyle Clifford is back on ice.
13:28 of 1st period - Minor Penalty to Radko Gudas for Tripping.
13:29 of 1st period - James Neal wins face-off versus Greg Campbell in Kings zone.
13:43 of 1st period - Snap shot by James Neal.
13:43 of 1st period - Shot Blocked by Greg Campbell.
14:12 of 1st period - Mike Cammalleri is hit by Randy Jones and loses puck.
14:19 of 1st period - Slapshot by Matt Greene.
14:19 of 1st period - Shot Blocked by Randy Jones.
14:21 of 1st period - Slapshot by Matt Greene.
14:21 of 1st period - Shot Misses the Net.
14:23 of 1st period - Wrist shot by Jakob Silfverberg.
14:23 of 1st period - Stopped by Frederik Andersen without a rebound.
14:24 of 1st period - Anze Kopitar wins face-off versus Milan Lucic in Kings zone.
14:39 of 1st period - Slapshot by Mark Fistric.
14:39 of 1st period - Stopped by Frederik Andersen without a rebound.
14:40 of 1st period - Anze Kopitar wins face-off versus Patrice Bergeron in Kings zone.
15:28 of 1st period - Penalty to Radko Gudas is over, Radko Gudas is back on ice.
16:03 of 1st period - Slapshot by Drew Doughty.
16:03 of 1st period - Stopped by Braden Holtby without a rebound.
16:04 of 1st period - Tyler Toffoli wins face-off versus Patrice Bergeron in Rangers zone.
16:11 of 1st period - Snap shot by Milan Lucic.
16:11 of 1st period - Stopped by Frederik Andersen without a rebound.
16:12 of 1st period - Patrice Bergeron wins face-off versus Tyler Toffoli in Kings zone.
16:21 of 1st period - Wrist shot by Patrice Bergeron.
16:21 of 1st period - Shot Misses the Net.
16:23 of 1st period - Slapshot by Milan Lucic.
16:23 of 1st period - Stopped by Frederik Andersen with a rebound.
16:25 of 1st period - Snap shot by Patrice Bergeron.
16:25 of 1st period - Shot Misses the Net.
16:27 of 1st period - Wrist shot by Patrice Bergeron.
16:27 of 1st period - Shot Misses the Net.
17:00 of 1st period - Wrist shot by Greg Campbell.
17:00 of 1st period - Shot Misses the Net.
17:02 of 1st period - Slapshot by Radko Gudas.
17:02 of 1st period - Stopped by Braden Holtby with a rebound.
17:25 of 1st period - Slapshot by Brock Nelson.
17:25 of 1st period - Shot Blocked by Milan Lucic.
17:35 of 1st period - Patrice Bergeron is hit by Anze Kopitar and loses puck.
17:42 of 1st period - Snap shot by Anze Kopitar.
17:42 of 1st period - Shot Misses the Net.
18:02 of 1st period - Slapshot by Radim Vrbata.
18:02 of 1st period - Stopped by Braden Holtby without a rebound.
18:03 of 1st period - Stephen Weiss wins face-off versus Tyler Toffoli in Rangers zone.
18:10 of 1st period - Slapshot by Jakob Silfverberg.
18:10 of 1st period - Stopped by Frederik Andersen with a rebound.
18:20 of 1st period - Wrist shot by Stephen Weiss.
18:20 of 1st period - Shot Blocked by Chris Kreider.
18:22 of 1st period - Slapshot by Jakob Silfverberg.
18:22 of 1st period - Stopped by Frederik Andersen with a rebound.
18:24 of 1st period - Slapshot by Matt Greene.
18:24 of 1st period - Shot Misses the Net.
18:26 of 1st period - Wrist shot by Mike Cammalleri.
18:26 of 1st period - Stopped by Frederik Andersen without a rebound.
18:27 of 1st period - Anze Kopitar wins face-off versus Patrice Bergeron in Kings zone.
18:52 of 1st period - Chris Mcallister is hit by Mike Cammalleri and loses puck.
19:19 of 1st period - Snap shot by Radim Vrbata.
19:19 of 1st period - Stopped by Braden Holtby with a rebound.
19:25 of 1st period - Snap shot by Chris Kreider.
19:25 of 1st period - Shot Misses the Net.
19:41 of 1st period - Wrist shot by Darren Reid.
19:41 of 1st period - Shot Misses the Net.
Goals for this period are 1 for Rangers vs 1 for Kings.
Shots for this period are 12 for Rangers vs 6 for Kings.

2nd period


0:01 of 2nd period - Patrice Bergeron wins face-off versus Anze Kopitar in neutral zone.
0:06 of 2nd period - Kyle Clifford is hit by Matt Greene and loses puck.
0:55 of 2nd period - Slapshot by Josef Vasicek.
0:55 of 2nd period - Stopped by Braden Holtby with a rebound.
0:57 of 2nd period - Slapshot by Travis Hamonic.
0:57 of 2nd period - Stopped by Braden Holtby with a rebound.
1:17 of 2nd period - Snap shot by Darren Reid.
1:17 of 2nd period - Stopped by Frederik Andersen with a rebound.
1:19 of 2nd period - Slapshot by Alexei Emelin.
1:19 of 2nd period - Stopped by Frederik Andersen with a rebound.
1:37 of 2nd period - Alexei Emelin is hit by Chris Mcallister and loses puck.
1:38 of 2nd period - Alexei Emelin from Rangers is injured at 1:38 of 2nd period (Broken Ribs).
1:39 of 2nd period - Radim Vrbata wins face-off versus Patrice Bergeron in Rangers zone.
1:39 of 2nd period - Radim Vrbata is hit by Patrice Bergeron.
1:45 of 2nd period - Slapshot by Chris Kreider.
1:45 of 2nd period - Stopped by Braden Holtby without a rebound.
1:46 of 2nd period - Patrice Bergeron wins face-off versus Tyler Toffoli in Rangers zone.
3:34 of 2nd period - Slapshot by Patric Hornqvist.
3:34 of 2nd period - Shot Misses the Net.
3:57 of 2nd period - Travis Hamonic is hit by Mark Fistric and loses puck.
4:23 of 2nd period - Icing by Cam Barker.
4:24 of 2nd period - Sean Couturier wins face-off versus Anze Kopitar in Rangers zone.
4:24 of 2nd period - Sean Couturier is hit by Anze Kopitar.
5:16 of 2nd period - Snap shot by Jakob Silfverberg.
5:16 of 2nd period - Shot Hit the Post.
5:18 of 2nd period - Slapshot by Jakob Silfverberg.
5:18 of 2nd period - Stopped by Frederik Andersen without a rebound.
5:19 of 2nd period - Kyle Clifford wins face-off versus Jakob Silfverberg in Kings zone.
5:44 of 2nd period - Travis Hamonic is hit by Patrice Bergeron and loses puck.
6:28 of 2nd period - Wrist shot by Darren Reid.
6:28 of 2nd period - Goal by Darren Reid - Rangers : 2 - Kings : 1.
6:29 of 2nd period - Anze Kopitar wins face-off versus Patrice Bergeron in neutral zone.
6:32 of 2nd period - Slapshot by Anze Kopitar.
6:32 of 2nd period - Deflect By Patric Hornqvist.
6:32 of 2nd period - Stopped by Braden Holtby without a rebound.
6:33 of 2nd period - Anze Kopitar wins face-off versus Patrice Bergeron in Rangers zone.
7:45 of 2nd period - Snap shot by Matt Read.
7:45 of 2nd period - Goal by Matt Read - Rangers : 3 - Kings : 1.
7:46 of 2nd period - Patrice Bergeron wins face-off versus Tyler Toffoli in neutral zone.
7:51 of 2nd period - Snap shot by Milan Lucic.
7:51 of 2nd period - Shot Blocked by Radim Vrbata.
8:11 of 2nd period - Jakob Silfverberg is hit by Anze Kopitar and loses puck.
8:38 of 2nd period - Wrist shot by Brock Nelson.
8:38 of 2nd period - Shot Misses the Net.
8:40 of 2nd period - Wrist shot by Brock Nelson.
8:40 of 2nd period - Stopped by Braden Holtby without a rebound.
8:41 of 2nd period - Patrice Bergeron wins face-off versus Tyler Toffoli in Rangers zone.
8:54 of 2nd period - Slapshot by James Neal.
8:54 of 2nd period - Stopped by Frederik Andersen with a rebound.
8:56 of 2nd period - Wrist shot by Matt Greene.
8:56 of 2nd period - Shot Blocked by Dmitry Kulikov.
9:06 of 2nd period - Snap shot by Anze Kopitar.
9:06 of 2nd period - Stopped by Braden Holtby without a rebound.
9:07 of 2nd period - Stephen Weiss wins face-off versus Patric Hornqvist in Rangers zone.
9:20 of 2nd period - Slapshot by Drew Doughty.
9:20 of 2nd period - Deflect By Jakob Silfverberg.
9:20 of 2nd period - Stopped by Braden Holtby with a rebound.
9:22 of 2nd period - Wrist shot by Drew Doughty.
9:22 of 2nd period - Deflect By Patric Hornqvist.
9:22 of 2nd period - Goal by Patric Hornqvist - Rangers : 3 - Kings : 2.
9:23 of 2nd period - Anze Kopitar wins face-off versus Patrice Bergeron in neutral zone.
9:32 of 2nd period - Wrist shot by Milan Lucic.
9:32 of 2nd period - Stopped by Frederik Andersen without a rebound.
9:33 of 2nd period - Patrice Bergeron wins face-off versus Anze Kopitar in Kings zone.
9:36 of 2nd period - Snap shot by Milan Lucic.
9:36 of 2nd period - Stopped by Frederik Andersen with a rebound.
9:38 of 2nd period - Slapshot by Cam Barker.
9:38 of 2nd period - Deflect By James Neal.
9:38 of 2nd period - Goal by James Neal - Rangers : 4 - Kings : 2.
9:39 of 2nd period - Tyler Toffoli wins face-off versus Patrice Bergeron in neutral zone.
9:44 of 2nd period - Slapshot by Chris Kreider.
9:44 of 2nd period - Goal by Chris Kreider - Rangers : 4 - Kings : 3.
9:45 of 2nd period - Tyler Toffoli wins face-off versus Patrice Bergeron in neutral zone.
10:06 of 2nd period - Milan Lucic is hit by Tom Poti and loses puck.
10:46 of 2nd period - Slapshot by Drew Doughty.
10:46 of 2nd period - Shot Blocked by Matt Greene.
10:46 of 2nd period - Matt Greene from Rangers is injured at 10:46 of 2nd period (Abdominal Strain).
10:47 of 2nd period - Tyler Toffoli wins face-off versus Patrice Bergeron in Rangers zone.
11:09 of 2nd period - Minor Penalty to Milan Lucic for High sticking.
11:10 of 2nd period - Sean Couturier wins face-off versus Anze Kopitar in Rangers zone.
12:01 of 2nd period - Anze Kopitar is hit by Ryan Suter and loses puck.
13:09 of 2nd period - Penalty to Milan Lucic is over, Milan Lucic is back on ice.
13:12 of 2nd period - Snap shot by Chris Mcallister.
13:12 of 2nd period - Shot Blocked by Cam Barker.
13:18 of 2nd period - Slapshot by Chris Mcallister.
13:18 of 2nd period - Shot Misses the Net.
13:20 of 2nd period - Snap shot by Randy Jones.
13:20 of 2nd period - Deflect By Greg Campbell.
13:20 of 2nd period - Stopped by Braden Holtby without a rebound.
13:21 of 2nd period - Nick Foligno wins face-off versus Greg Campbell in Rangers zone.
13:48 of 2nd period - Sean Couturier is hit by Kyle Clifford and loses puck.
14:27 of 2nd period - Staffan Kronwall is hit by Greg Campbell.
14:44 of 2nd period - Shane Doan is hit by Jakob Silfverberg and loses puck.
14:49 of 2nd period - Snap shot by Jakob Silfverberg.
14:49 of 2nd period - Stopped by Frederik Andersen with a rebound.
15:06 of 2nd period - Tyler Toffoli is hit by Darren Reid and loses puck.
15:33 of 2nd period - Valtteri Filppula is hit by Chris Mcallister and loses puck.
15:40 of 2nd period - Greg Campbell is hit by Valtteri Filppula and loses puck.
15:59 of 2nd period - Snap shot by Darren Reid.
15:59 of 2nd period - Stopped by Frederik Andersen with a rebound.
16:01 of 2nd period - Wrist shot by Nick Foligno.
16:01 of 2nd period - Shot Misses the Net.
16:18 of 2nd period - Minor Penalty to Cam Janssen for Hooking.
16:19 of 2nd period - Greg Campbell wins face-off versus James Neal in Kings zone.
17:09 of 2nd period - Milan Lucic is hit by Anze Kopitar and loses puck.
18:18 of 2nd period - Penalty to Cam Janssen is over, Cam Janssen is back on ice.
18:43 of 2nd period - Icing by Patric Hornqvist.
18:44 of 2nd period - Anze Kopitar wins face-off versus Valtteri Filppula in Kings zone.
19:03 of 2nd period - Nathan Gerbe is hit by Tyler Toffoli and loses puck.
19:24 of 2nd period - Wrist shot by Josef Vasicek.
19:24 of 2nd period - Deflect By Shane Doan.
19:24 of 2nd period - Shot Misses the Net.
19:24 of 2nd period - Puck is out of play.
19:25 of 2nd period - Josef Vasicek wins face-off versus Stephen Weiss in Rangers zone.
19:26 of 2nd period - Snap shot by Drew Doughty.
19:26 of 2nd period - Stopped by Braden Holtby without a rebound.
19:27 of 2nd period - Stephen Weiss wins face-off versus Anze Kopitar in Rangers zone.
19:27 of 2nd period - Stephen Weiss is hit by Tom Poti.
Goals for this period are 3 for Rangers vs 2 for Kings.
Shots for this period are 11 for Rangers vs 11 for Kings.

3rd period


0:01 of 3rd period - Patrice Bergeron wins face-off versus Patric Hornqvist in neutral zone.
1:03 of 3rd period - Snap shot by Sean Couturier.
1:03 of 3rd period - Stopped by Frederik Andersen with a rebound.
1:05 of 3rd period - Slapshot by Ryan Suter.
1:05 of 3rd period - Shot Misses the Net.
1:31 of 3rd period - Slapshot by Kyle Clifford.
1:31 of 3rd period - Shot Misses the Net.
1:47 of 3rd period - Wrist shot by Chris Kreider.
1:47 of 3rd period - Shot Misses the Net.
1:53 of 3rd period - Wrist shot by Chris Kreider.
1:53 of 3rd period - Shot Misses the Net.
2:07 of 3rd period - Matt Read is hit by Dmitry Kulikov and loses puck.
2:12 of 3rd period - Snap shot by Brock Nelson.
2:12 of 3rd period - Shot Misses the Net.
2:16 of 3rd period - Slapshot by Brock Nelson.
2:16 of 3rd period - Goal by Brock Nelson - Rangers : 4 - Kings : 4.
2:17 of 3rd period - Anze Kopitar wins face-off versus Patrice Bergeron in neutral zone.
2:29 of 3rd period - Snap shot by Staffan Kronwall.
2:29 of 3rd period - Stopped by Frederik Andersen without a rebound.
2:30 of 3rd period - Patrice Bergeron wins face-off versus Anze Kopitar in Kings zone.
2:41 of 3rd period - Snap shot by Dmitry Kulikov.
2:41 of 3rd period - Shot Misses the Net.
2:55 of 3rd period - Tyler Toffoli is hit by Mark Fistric and loses puck.
3:13 of 3rd period - Minor Penalty to Sean Couturier for Holding.
3:14 of 3rd period - Milan Lucic wins face-off versus Anze Kopitar in Rangers zone.
3:55 of 3rd period - Slapshot by Drew Doughty.
3:55 of 3rd period - Deflect By Radim Vrbata.
3:55 of 3rd period - Shot Misses the Net.
3:55 of 3rd period - Puck is out of play.
3:56 of 3rd period - Darren Reid wins face-off versus Tyler Toffoli in Rangers zone.
4:07 of 3rd period - Staffan Kronwall is hit by Travis Hamonic and loses puck.
4:20 of 3rd period - Darren Reid is hit by Travis Hamonic and loses puck.
4:31 of 3rd period - Snap shot by Anze Kopitar.
4:31 of 3rd period - Stopped by Braden Holtby with a rebound.
4:33 of 3rd period - Backhand shot by Patric Hornqvist.
4:33 of 3rd period - Stopped by Braden Holtby without a rebound.
4:34 of 3rd period - Milan Lucic wins face-off versus Anze Kopitar in Rangers zone.
4:51 of 3rd period - Drew Doughty is hit by Milan Lucic and loses puck.
5:12 of 3rd period - Wrist shot by Radim Vrbata.
5:12 of 3rd period - Shot Blocked by Staffan Kronwall.
5:13 of 3rd period - Penalty to Sean Couturier is over, Sean Couturier is back on ice.
5:27 of 3rd period - Dmitry Kulikov is hit by Ryan Suter and loses puck.
5:30 of 3rd period - Wrist shot by Greg Campbell.
5:30 of 3rd period - Stopped by Braden Holtby without a rebound.
5:31 of 3rd period - Anze Kopitar wins face-off versus Stephen Weiss in Rangers zone.
6:03 of 3rd period - Wrist shot by Chris Kreider.
6:03 of 3rd period - Shot Misses the Net.
6:17 of 3rd period - Snap shot by Chris Mcallister.
6:17 of 3rd period - Stopped by Braden Holtby without a rebound.
6:18 of 3rd period - Patrice Bergeron wins face-off versus Patric Hornqvist in Rangers zone.
6:18 of 3rd period - Patrice Bergeron is hit by Kyle Clifford.
6:24 of 3rd period - Wrist shot by Cam Barker.
6:24 of 3rd period - Deflect By Patrice Bergeron.
6:24 of 3rd period - Stopped by Frederik Andersen without a rebound.
6:25 of 3rd period - Anze Kopitar wins face-off versus Patrice Bergeron in Kings zone.
6:32 of 3rd period - Snap shot by James Neal.
6:32 of 3rd period - Stopped by Frederik Andersen without a rebound.
6:33 of 3rd period - Patrice Bergeron wins face-off versus Tyler Toffoli in Kings zone.
7:21 of 3rd period - Slapshot by James Neal.
7:21 of 3rd period - Stopped by Frederik Andersen without a rebound.
7:22 of 3rd period - Anze Kopitar wins face-off versus Stephen Weiss in Kings zone.
7:33 of 3rd period - Snap shot by Mike Cammalleri.
7:33 of 3rd period - Stopped by Frederik Andersen without a rebound.
7:34 of 3rd period - Mike Cammalleri wins face-off versus Chris Kreider in Kings zone.
7:59 of 3rd period - Nathan Gerbe is hit by Dmitry Kulikov and loses puck.
8:28 of 3rd period - Snap shot by Patrice Bergeron.
8:28 of 3rd period - Stopped by Frederik Andersen without a rebound.
8:29 of 3rd period - Tyler Toffoli wins face-off versus Patrice Bergeron in Kings zone.
9:22 of 3rd period - Backhand shot by Greg Campbell.
9:22 of 3rd period - Stopped by Braden Holtby with a rebound.
9:42 of 3rd period - Wrist shot by Brock Nelson.
9:42 of 3rd period - Shot Misses the Net.
9:46 of 3rd period - Wrist shot by Brock Nelson.
9:46 of 3rd period - Shot Blocked by Mark Fistric.
9:48 of 3rd period - Slapshot by Brock Nelson.
9:48 of 3rd period - Stopped by Braden Holtby without a rebound.
9:49 of 3rd period - Patrice Bergeron wins face-off versus Tyler Toffoli in Rangers zone.
9:54 of 3rd period - Drew Doughty is hit by James Neal and loses puck.
10:01 of 3rd period - Wrist shot by Patrice Bergeron.
10:01 of 3rd period - Shot Blocked by Radim Vrbata.
10:03 of 3rd period - Slapshot by Staffan Kronwall.
10:03 of 3rd period - Stopped by Frederik Andersen without a rebound.
10:04 of 3rd period - Anze Kopitar wins face-off versus Patrice Bergeron in Kings zone.
10:17 of 3rd period - Slapshot by Anze Kopitar.
10:17 of 3rd period - Shot Misses the Net.
10:19 of 3rd period - Wrist shot by Kyle Clifford.
10:19 of 3rd period - Shot Misses the Net.
10:53 of 3rd period - Mark Fistric is hit by Tyler Toffoli and loses puck.
11:20 of 3rd period - Mike Cammalleri is hit by Chris Mcallister and loses puck.
12:00 of 3rd period - Slapshot by Travis Hamonic.
12:00 of 3rd period - Shot Misses the Net.
12:02 of 3rd period - Snap shot by Chris Mcallister.
12:02 of 3rd period - Shot Misses the Net.
12:04 of 3rd period - Backhand shot by Cam Janssen.
12:04 of 3rd period - Stopped by Braden Holtby without a rebound.
12:05 of 3rd period - Anze Kopitar wins face-off versus Stephen Weiss in Rangers zone.
12:14 of 3rd period - Snap shot by Anze Kopitar.
12:14 of 3rd period - Shot Blocked by Mike Cammalleri.
12:26 of 3rd period - Minor Penalty to Jakob Silfverberg for Hooking.
12:27 of 3rd period - Anze Kopitar wins face-off versus Milan Lucic in Rangers zone.
12:28 of 3rd period - Wrist shot by Chris Kreider.
12:28 of 3rd period - Shot Blocked by Staffan Kronwall.
12:30 of 3rd period - Wrist shot by Patric Hornqvist.
12:30 of 3rd period - Stopped by Braden Holtby with a rebound.
12:32 of 3rd period - Slapshot by Drew Doughty.
12:32 of 3rd period - Shot Blocked by Staffan Kronwall.
12:34 of 3rd period - Slapshot by Brock Nelson.
12:34 of 3rd period - Stopped by Braden Holtby without a rebound.
12:35 of 3rd period - Anze Kopitar wins face-off versus Milan Lucic in Rangers zone.
12:48 of 3rd period - Slapshot by Chris Kreider.
12:48 of 3rd period - Shot Misses the Net.
12:50 of 3rd period - Slapshot by Patric Hornqvist.
12:50 of 3rd period - Stopped by Braden Holtby without a rebound.
12:51 of 3rd period - Anze Kopitar wins face-off versus Milan Lucic in Rangers zone.
12:56 of 3rd period - Wrist shot by Anze Kopitar.
12:56 of 3rd period - Stopped by Braden Holtby with a rebound.
13:24 of 3rd period - Wrist shot by Brock Nelson.
13:24 of 3rd period - Deflect By Cam Barker.
13:24 of 3rd period - Stopped by Braden Holtby with a rebound.
14:15 of 3rd period - Anze Kopitar is hit by Ryan Suter and loses puck.
14:26 of 3rd period - Penalty to Jakob Silfverberg is over, Jakob Silfverberg is back on ice.
14:58 of 3rd period - Snap shot by Greg Campbell.
14:58 of 3rd period - Deflect By Chris Mcallister.
14:58 of 3rd period - Stopped by Braden Holtby with a rebound.
15:06 of 3rd period - Slapshot by Drew Doughty.
15:06 of 3rd period - Shot Blocked by Mark Fistric.
15:08 of 3rd period - Wrist shot by Greg Campbell.
15:08 of 3rd period - Stopped by Braden Holtby with a rebound.
15:10 of 3rd period - Slapshot by Brock Nelson.
15:10 of 3rd period - Stopped by Braden Holtby with a rebound.
15:12 of 3rd period - Snap shot by Chris Mcallister.
15:12 of 3rd period - Stopped by Braden Holtby without a rebound.
15:13 of 3rd period - Anze Kopitar wins face-off versus Sean Couturier in Rangers zone.
15:24 of 3rd period - Wrist shot by Matt Read.
15:24 of 3rd period - Deflect By Nathan Gerbe.
15:24 of 3rd period - Goal by Nathan Gerbe - Rangers : 5 - Kings : 4.
15:25 of 3rd period - Anze Kopitar wins face-off versus Sean Couturier in neutral zone.
16:30 of 3rd period - Mark Fistric is hit by Brock Nelson and loses puck.
16:49 of 3rd period - Ryan Suter is hit by Tom Poti and loses puck.
17:07 of 3rd period - Slapshot by Ryan Suter.
17:07 of 3rd period - Shot Misses the Net.
17:15 of 3rd period - Backhand shot by Matt Read.
17:15 of 3rd period - Shot Misses the Net.
17:17 of 3rd period - Snap shot by Sean Couturier.
17:17 of 3rd period - Shot Misses the Net.
17:21 of 3rd period - Snap shot by Matt Read.
17:21 of 3rd period - Shot Misses the Net.
17:23 of 3rd period - Slapshot by Ryan Suter.
17:23 of 3rd period - Stopped by Frederik Andersen with a rebound.
17:25 of 3rd period - Wrist shot by Matt Read.
17:25 of 3rd period - Shot Misses the Net.
18:12 of 3rd period - Wrist shot by Brock Nelson.
18:12 of 3rd period - Shot Blocked by Mark Fistric.
18:46 of 3rd period - Kings, Frederik Andersen is pulled from the net.
19:31 of 3rd period - Snap shot by Nathan Gerbe.
19:31 of 3rd period - Goal by Nathan Gerbe - Rangers : 6 - Kings : 4.
19:31 of 3rd period - Frederik Andersen from Kings was sent back in the game.
19:32 of 3rd period - Tyler Toffoli wins face-off versus Valtteri Filppula in neutral zone.
19:40 of 3rd period - Icing by Dmitry Kulikov.
19:41 of 3rd period - Radim Vrbata wins face-off versus Valtteri Filppula in Kings zone.
Goals for this period are 2 for Rangers vs 1 for Kings.
Shots for this period are 11 for Rangers vs 17 for Kings.